 Dungeon Crawl Stone Soup version 0.29.0-11-gd7f09526c8 (webtiles) character file.

Game seed: 4011647590665672171

44 Arcadio the Trooper (level 3, -5/31 HPs)
             Began as a Palentonga Fighter on Sept 6, 2022.
             Killed by divine providence
             ... invoked by an orc priest
              (15 damage)
             ... on level 3 of the Dungeon.
             The game lasted 00:02:20 (1559 turns).

Arcadio the Trooper (Palentonga Fighter)            Turns: 1559, Time: 00:02:20

Health: -5/31      AC:  9    Str: 23    XL:     3   Next: 39%
Magic:  3/3        EV:  7    Int:  8    God:
Gold:   111        SH:  4    Dex:  9    Spells: 2/2 levels left

rFire   . . .      SeeInvis +   a - +0 war axe
rCold   + . .      Faith    .   c - +0 buckler
rNeg    . . .      Spirit   .   b - +0 scale mail
rPois   .          Reflect  .   (no helmet)
rElec   .          Harm     .   j - +2 cloak
rCorr   .          Rampage  .   (no gloves)
Will    .....                   (no barding)
Stlth   ..........              (no amulet)
HPRegen 0.10/turn               g - ring of protection from cold
MPRegen 0.08/turn               (no ring)

@: no status effects
A: large, rugged brown scales 3, see invisible, deformed body, roll 1, armoured
tail
a: Rolling Charge


You were on level 3 of the Dungeon.
You visited 1 branch of the dungeon, and saw 3 of its levels.

You collected 111 gold pieces.

Inventory:

Hand Weapons
 a - a +0 war axe (weapon)
Armour
 b - a +0 scale mail (worn)
 c - a +0 buckler (worn)
 j - a +2 cloak (worn)
 k - a +0 kite shield
Jewellery
 g - a ring of protection from cold (left hand)
 r - a ring of wizardry
Scrolls
 e - a scroll of noise {unknown}
 f - 2 scrolls of teleportation {unknown}
 h - a scroll of summoning {unknown}
 m - 2 scrolls of fog {unknown}
 n - a scroll of enchant armour {unknown}
 o - a scroll of amnesia {unknown}
 p - a scroll of immolation {unknown}
 q - a scroll of enchant weapon {unknown}
 v - a scroll of poison {unknown}
Potions
 d - 2 potions of might
 i - 2 potions of curing {unknown}
 l - 2 potions of attraction {unknown}
 s - a potion of cancellation {unknown}
 t - a potion of resistance {unknown}
 u - a potion of lignification {unknown}


   Skills:
 + Level 3.4 Fighting
 + Level 2.5 Axes
 + Level 2.7 Armour
 + Level 3.1 Shields


You had 2 spell levels left.
You didn't know any spells.
Your spell library contained the following spells:

 Spells                   Type           Power      Damage    Failure   Level
 Beastly Appendage        Tmut           0%         N/A       80%         1
 Wereblood                Tmut           0%         N/A       90%         2
 Spider Form              Tmut/Pois      0%         N/A       99%         3


Dungeon Overview and Level Annotations

Branches:
Dungeon (3/15) Zot: 16408

Altars:

Shops:
D:1 [


Innate Abilities, Weirdness & Mutations

You are completely covered in rugged brown scales. (AC +3, +7% HP)
You have supernaturally acute eyesight. (SInv)
Armour fits poorly on your strangely shaped body.
You can roll at nearby foes to attack.
You have a long armoured tail.


Message History

There is a stone staircase leading up here.
You climb upwards.
There is a stone staircase leading down here.
You start resting.
HP restored.
You climb downwards.
A rat comes into view.
There is a stone staircase leading up here. 2 orcs come into view.
The orc shouts!
You hear a shout!
An orc priest comes into view. It is wielding a +0 club.
The orc priest shouts!
The orc closely misses you.
The rat twitches its whiskers.
You slash the orc!
You kill the orc!
An orc priest comes into view. It is wielding a +0 club.
The orc hits you with a +0 dagger.
The orc priest calls down the wrath of Beogh upon you.
Beogh smites you!
You completely miss the orc.
The orc priest shouts!
The orc attacks as you move away! The orc closely misses you.
You closely miss the rat. You hit the orc. The rat closely misses you.
The orc hits you with a +0 dagger. The orc hits you but does no damage.
The rat bites you but does no damage.
You closely miss the rat. You barely miss the orc. You slash the orc!
You kill the orc!
You block the orc's attack. The rat bites you but does no damage.
You barely miss the rat.
Your tail-slap misses the rat.
You hit the orc. The rat bites you but does no damage.
You slash the rat!
You kill the rat!
You barely miss the orc. You hit the orc priest.
The orc hits you but does no damage. The orc priest hits you with a +0 club.
The orc priest calls upon Beogh to heal the orc priest.
The orc priest's wounds heal themselves!
The orc priest invokes the aid of Beogh against you.
Beogh smites you!
You die...

##...###.# #.#... #...#
#.# #.#.## #o#.# #.#
#.#)# #...#
#.#######.#.#
#o#####.##........# #.#
#...........### #.#
#.#....######
...####o###............
........o@<..##########
........)o..##
#############


You could see 2 orc priests and an orc.

Vanquished Creatures
  2 worms (D:2)
  5 orcs (D:3)
  4 endoplasms
  4 goblins
  A hobgoblin (D:2)
  2 quokkas (D:1)
  4 ball pythons
  4 bats
  2 frilled lizards
  3 rats
31 creatures vanquished.

Notes
Turn   | Place    | Note
-------+----------+-------------------------------------------
     0 | D:1      | Arcadio the Palentonga Fighter began the quest for the Orb.
     0 | D:1      | Reached XP level 1. HP: 19/19 MP: 1/1
   108 | D:1      | Found Osehehyr's Armour Shoppe.
   358 | D:1      | Reached XP level 2. HP: 19/25 MP: 2/2
   605 | D:2      | Found a faded altar of an unknown god.
   878 | D:2      | Reached XP level 3. HP: 31/31 MP: 3/3
  1559 | D:3      | Killed from afar by an orc priest

Illustrated notes

Levels and vault maps discovered:
D:1:      dpeg_arrival_pits, layout_loops_ring, serial_shops, shop
D:2:      layout_basic, basic_ecumenical_altar
D:3:      layout_loops_ring, st_stairs_12, uniq_terence

Skill      XL: |  1  2 |
---------------+-------+-----
Shields        | 3 |  3.1
Fighting       | |  3.4
Axes           | |  2.5
Armour         | |  2.7

Action                   || total
-------------------------++-------
Melee: War axe           ||    74
       Tailslap          ||     5
 Abil: Rolling Charge    ||     1
Armor: Scale mail        ||    46
Dodge: Dodged            ||    27
Block: Buckler           ||    13
